 Dungeon Crawl Stone Soup version 0.21.1-35-gfefc1aa2bb (webtiles) character file.

101468 Lavandula the Severer (level 15, -3/117 HPs)
             Began as a Barachi Earth Elementalist on July 31, 2018.
             Was a High Priest of Cheibriados.
             Killed from afar by an electric eel (5 damage)
             ... with a bolt of electricity
             ... on level 1 of the Snake Pit.
             The game lasted 01:28:33 (18370 turns).

Lavandula the Severer (Barachi Earth Elementalist) Turns: 18370, Time: 01:28:34

Health: -3/117     AC: 20    Str: 24    XL:     15   Next: 94%
Magic:  4/24       EV: 20    Int: 31    God:    Cheibriados [*****.]
Gold:   682        SH:  0    Dex: 25    Spells: 9/26 levels left

rFire    x . .     SeeInvis .   h - +3 battleaxe (freeze)
rCold    + + .     Gourm    .   (shield currently unavailable)
rNeg     . . .     Faith    +   b - +0 ice dragon scales
rPois    +         Spirit   .   D - +2 hat
rElec    .         Reflect  .   s - +2 cloak {MR+}
rCorr    .         Harm     .   l - +0 pair of gloves
MR       +++..                  (no boots)
Stlth    +.........             v - amulet of faith
HPRegen  0.29/turn              p - ring of poison resistance
MPRegen  0.19/turn              j - +2 ring of slaying

@: can't hop, very slightly contaminated, very slow
A: +LOS, swims, magic resistance 1, screaming 1, slowness 1, strong legs 2
}: 1/15 runes: decaying
a: Hop, Bend Time, Temporal Distortion, Slouch, Step From Time, Renounce
Religion


You were on level 1 of the Snake Pit.
You worshipped Cheibriados.
Cheibriados was extremely pleased with you.
You were not hungry.

You visited 6 branches of the dungeon, and saw 27 of its levels.
You also visited: Ice Cave.

You collected 1803 gold pieces.
You spent 1121 gold pieces at shops.

Inventory:

Hand Weapons
 h - a +3 battleaxe of freezing (weapon)
 q - a +0 hand axe of chopping
 N - a +4 battleaxe of venom
 S - a +2 war axe of venom
Missiles
 x - 4 silver javelins
 P - 36 stones (quivered)
Armour
 b - +0 ice dragon scales (worn)
 l - a +0 pair of gloves (worn)
 n - a +1 leather armour of fire resistance
 s - a +2 cloak of magic resistance (worn)
 C - a +1 scale mail of poison resistance
 D - a +2 hat (worn)
 O - a +2 robe of magic resistance
Magical Staves
 J - an uncursed staff of earth
Jewellery
 j - a +2 ring of slaying (right hand)
 p - a ring of poison resistance (left hand)
 v - an amulet of faith (around neck)
 y - the ring of Serrom {Fire MP+9 Str-4 Int+3}
   (You found it on level 6 of the Dungeon)

   [ring of fire]

   It enhances your fire magic.
   It affects your strength (-4).
   It affects your intelligence (+3).
   It protects you from fire.
   It makes you vulnerable to cold.
   It affects your magic capacity (+9).
 A - an uncursed ring of see invisible
Wands
 u - a wand of polymorph (2)
 B - a wand of iceblast (1)
 E - a wand of digging (11)
 R - a wand of disintegration (1)
Scrolls
 e - a scroll of blinking
 g - 8 scrolls of magic mapping
 i - 7 scrolls of remove curse
 m - 2 scrolls of amnesia
 o - 4 scrolls of fog
 G - 2 scrolls of immolation
Potions
 c - 4 potions of curing
 f - 6 potions of flight
 k - a potion of lignification {unknown}
 r - a potion of resistance
 z - a potion of ambrosia
 H - a potion of cancellation
 I - a potion of invisibility
 K - 5 potions of might
 L - 5 potions of brilliance
 M - 5 potions of mutation
Books
 t - a book of Burglary

   Spells                             Type                      Level
   a - Swiftness                      Charms/Air                   2
   b - Passwall                       Transmutation/Earth          2
   c - Passage of Golubria            Translocation                4
   d - Lee's Rapid Deconstruction     Earth                        5
   e - Darkness                       Hexes                        6
   f - Invisibility                   Hexes                        6
 w - a book of Misfortune

   Spells                             Type                      Level
   a - Confusing Touch                Hexes                        1
   b - Confuse                        Hexes                        3
   c - Gell's Gravitas                Translocation                3
   d - Petrify                        Transmutation/Earth          4
   e - Metabolic Englaciation         Hexes/Ice                    5
   f - Yara's Violent Unravelling     Hexes/Transmutation          5
Miscellaneous
 F - a box of beasts
Comestibles
 d - 30 rations


   Skills:
 - Level 10.4 Fighting
 + Level 17.3(17.8) Axes
   Level 7.9(13.7) Maces & Flails
 - Level 3.1 Throwing
 - Level 10.8 Armour
 - Level 10.7 Dodging
 - Level 1.7 Stealth
 - Level 6.4 Spellcasting
 - Level 3.8 Translocations
 - Level 1.1 Transmutations
 - Level 8.6 Earth Magic
 - Level 8.0 Invocations
 - Level 4.2 Evocations


You had 9 spell levels left.
You knew the following spells:

 Your Spells              Type           Power        Failure   Level  Hunger
a - Sandblast             Erth           ######       1%          1    None
b - Stone Arrow           Conj/Erth      #####.       5%          3    None
c - Petrify               Tmut/Erth      #####...     14%         4    ##.....
d - Lee's Rapid Deconstr  Erth           ######....   9%          5    #####..
e - Passage of Golubria   Tloc           N/A          22%         4    ##.....


Dungeon Overview and Level Annotations

Branches:
Dungeon (13/15)            Temple (1/1) D:6            Lair (6/6) D:11
  Swamp (4/4) Lair:4        Snake (1/4) Lair:3        Slime (0/5) Lair:5
    Orc (2/2) D:11            Elf (0/3) Orc:2
 Vaults: D:13-14

Altars:
Ashenzari
Cheibriados
Dithmenos
Elyvilon
Fedhas
Gozag
Hepliaklqana
Kikubaaqudgha
Makhleb
Nemelex Xobeh
Okawaru
Qazlal
Ru
Sif Muna
Trog
Uskayaw
Vehumet
Wu Jian
Xom
Yredelemnul
Zin
The Shining One

Shops:
D:4 *   D:8 !   D:12 *   Orc:2 ***(


Innate Abilities, Weirdness & Mutations

Shadows flee at your approach. (+LOS)
You can swim through water.
You cover ground slowly.
You can hop long distances.
You are resistant to hostile enchantments. (MR+)
You occasionally shout uncontrollably at your foes.


Message History

You hear an angry hiss. x2
Unknown command.
Evoke which item? (* to show all) (? for menu, Esc to quit)
Aiming: Iceblast
Press: ? - help, Shift-Dir - straight line, f - naga
Aim: a naga, wielding a flail and wearing a robe (almost dead)
The mass of ice explodes!
The iceblast engulfs the naga.
You kill the naga!
Cheibriados thoroughly appreciates the change of pace.
The iceblast engulfs the naga warrior.
The naga warrior is lightly wounded.
Your surroundings suddenly seem different.
An electric eel comes into view.
The electric eel shoots out a bolt of lightning at you!
The bolt of electricity hits you!
* * * LOW HITPOINT WARNING * * *
An electric eel comes into view.
The electric eel shoots out a bolt of lightning at you!
The bolt of electricity hits you!
You die...

♣≈≈;...≈≈≈≈≈♣.........
♣≈P...≈P≈≈≈≈P≈........
≈≈≈...≈≈≈≈≈≈♣........
♣♣≈P...≈≈;≈≈≈♣ .......
♣≈≈P;..P≈;P≈P♣ ......
♣≈P≈..≈.≈PPP≈≈ #....
♣≈≈≈≈...≈≈≈≈≈♣ #.../
♣≈≈≈..≈≈≈♣ #...)
♣≈≈@≈.≈♣ ##...†
#≈♣P..♣≈.# ##...(#
♣≈...# ..# #....()
♣♣..... ....#..)[.
#.>.... ...##.(##.
.........###.(.###
......$.## #..##
..........##..#
.............?# #


You could see 4 electric eels.

Vanquished Creatures
  3 thorn hunters (Swamp:4)
  A dire elephant (Lair:6)
  3 ice dragons (Swamp:4)
  5 hydras
  An anaconda (Snake:1)
  A merfolk avatar (Lair:6)
  2 ghost crabs
  4 two-headed ogres
  6 alligators
  A naga sharpshooter (Snake:1)
  Urug (D:10)
  A shock serpent (Snake:1)
  3 orc high priests (Orc:2)
  A spriggan druid (Swamp:2)
  A swamp dragon (Swamp:1)
  2 naga ritualists (Snake:1)
  2 sea snakes
  Pikel (D:6)
  3 harpies (Lair:6)
  5 orc knights
  6 orc sorcerers
  A cyclops (Orc:1)
  A salamander (Snake:1)
  2 elephants
  An ice statue (IceCv)
  11 black mambas
  3 guardian serpents
  3 naga magi (Snake:1)
  A torpor snail (Lair:4)
  14 spiny frogs
  5 rime drakes (Lair:6)
  3 komodo dragons
  4 freezing wraiths (Swamp:4)
  2 ice devils (Orc:1)
  2 trolls
  15 polar bears
  7 hornets
  2 bog bodies (Swamp:3)
  6 tyrant leeches
  The ghost of tidbits the Grave Robber, an amateur GnNe of Cheibriados (D:7)
  9 blink frogs
  7 hippogriffs
  9 dream sheep
  5 spriggans
  A shadow (D:11)
  A wyvern (Lair:6)
  A fire elemental (Orc:1)
  A vampire (D:12)
  2 wraiths (D:11)
  Eustachio (D:6)
  38 yaks
  A hungry ghost (D:12)
  A steam dragon (D:10)
  3 basilisks (D:11)
  4 swamp worm simulacra (Swamp:4)
  Edmund (D:5)
  27 vampire mosquitoes
  13 insubstantial wisps
  7 nagas (Snake:1)
  16 swamp worms
  A warg (Orc:1)
  16 hydra simulacra (Swamp:4)
  An acid dragon (D:11)
  Duvessa (D:5)
  8 water moccasins
  2 porcupines
  25 orc warriors
  6 swamp drakes
  A black bear (D:10)
  8 ogres
  3 sky beasts
  9 wolves (IceCv)
  4 centaurs
  16 crocodiles
  The ghost of Atelerd the Magician, an amateur OpWz (D:3)
  2 big kobolds
  9 bullfrogs
  Dowan (D:5)
  5 killer bees (D:8)
  5 scorpions
  4 howler monkeys
  4 crimson imps
  9 hounds
  A bullfrog zombie (D:5)
  13 orc priests
  2 gnoll shamans
  12 jellies
  Crazy Yiuf (D:5)
  3 centaur skeletons
  A bullfrog skeleton (D:11)
  Ijyb (D:5)
  17 orc wizards
  5 hell rats (Lair:6)
  10 worker ants
  4 hound zombies
  A hound skeleton (D:9)
  A worker ant zombie (D:7)
  A howler monkey zombie (D:6)
  15 gnolls
  9 adders
  5 shadow imps
  2 oozes (Lair:5)
  4 swamp drake simulacra (Swamp:4)
  An adder skeleton (D:10)
  2 adder zombies
  2 worms (D:2)
  A dart slug (D:4)
  3 leopard geckos
  54 orcs
  4 giant cockroaches
  4 goblins
  3 hobgoblins (D:2)
  10 jackals
  10 kobolds
  5 quokkas
  A ball python (D:2)
  6 bats
  4 frilled lizards
  2 leopard gecko skeletons
  A quokka zombie (D:5)
  3 rats
  3 fungi
  2 plants
655 creatures vanquished.

Vanquished Creatures (collateral kills)
  Psyche (D:10)
1 creature vanquished.

Vanquished Creatures (others)
  A jelly (D:6)
  A giant cockroach (D:6)
  14 fungi
  15 plants
31 creatures vanquished.

Grand Total: 687 creatures vanquished

Notes
Turn   | Place    | Note
-------+----------+-------------------------------------------
     0 | D:1      | Lavandula the Barachi Earth Elementalist began the quest for the Orb.
     0 | D:1      | Reached XP level 1. HP: 13/13 MP: 3/3
   144 | D:2      | Reached XP level 2. HP: 19/19 MP: 1/5
   292 | D:2      | Reached XP level 3. HP: 24/24 MP: 4/8
   347 | D:2      | Learned a level 3 spell: Stone Arrow
   573 | D:3      | Reached XP level 4. HP: 27/30 MP: 2/10
   575 | D:3      | Reached skill level 1 in Maces & Flails
   845 | D:3      | Learned a level 4 spell: Petrify
  1050 | D:3      | Reached XP level 5. HP: 33/35 MP: 2/11
  1052 | D:3      | Noticed Atelerd's ghost (amateur OpWz)
  1106 | D:3      | Found a sparkling altar of Nemelex Xobeh.
  1163 | D:3      | Killed Atelerd's ghost
  1163 | D:3      | Reached XP level 6. HP: 41/41 MP: 3/12
  1214 | D:4      | Found Utekk's Assorted Antiques.
  1221 | D:4      | Bought a scroll labeled SIXTIE ZE XILA for 28 gold pieces
  1357 | D:4      | Reached skill level 5 in Maces & Flails
  1748 | D:5      | Entered Level 5 of the Dungeon
  1873 | D:4      | Learned a level 5 spell: Lee's Rapid Deconstruction
  1908 | D:5      | Noticed Ijyb
  1924 | D:5      | Killed Ijyb
  1924 | D:5      | Reached XP level 7. HP: 19/46 MP: 0/13
  2071 | D:5      | Noticed Edmund
  2291 | D:5      | Noticed Duvessa
  2291 | D:5      | Noticed Dowan
  2301 | D:5      | Killed Duvessa
  2307 | D:5      | Killed Dowan
  2307 | D:5      | Reached skill level 5 in Earth Magic
  2400 | D:5      | Reached skill level 1 in Fighting
  2571 | D:5      | Found a runed door.
  2575 | D:5      | Noticed Crazy Yiuf
  2583 | D:5      | Killed Crazy Yiuf
  2839 | D:5      | Killed Edmund
  2839 | D:5      | Reached XP level 8. HP: 32/61 MP: 0/14
  2943 | D:6      | Noticed Eustachio
  2954 | D:6      | Killed Eustachio
  3016 | D:6      | Got a coiled golden ring
  3017 | D:6      | Identified the ring of Serrom {Fire MP+9 Str-4 Int+3} (You found it on level 6 of the Dungeon)
  3095 | D:6      | Noticed Pikel
  3108 | D:6      | Killed Pikel
  3418 | D:6      | Reached XP level 9. HP: 54/66 MP: 15/15
  3443 | D:6      | Found a staircase to the Ecumenical Temple.
  3449 | Temple   | Entered the Ecumenical Temple
  3483 | Temple   | Became a worshipper of Cheibriados the Contemplative
  3760 | D:7      | Noticed tidbits's ghost (amateur GnNe)
  3979 | D:7      | Reached * piety under Cheibriados
  4037 | D:7      | Reached skill level 5 in Dodging
  4067 | D:7      | Killed tidbits's ghost
  4208 | D:7      | Reached skill level 5 in Fighting
  4292 | D:7      | Reached ** piety under Cheibriados
  4490 | D:8      | Reached XP level 10. HP: 71/79 MP: 16/16
  4524 | D:8      | Got a polished longbow
  4525 | D:8      | Identified the +3 longbow of Fate {velocity, MR+ Int+3} (You found it on level 8 of the Dungeon)
  4601 | D:8      | Reached skill level 5 in Spellcasting
  4668 | D:8      | Reached *** piety under Cheibriados
  4877 | D:8      | Found Enylliaf's Distillery.
  4881 | D:8      | Bought a potion of cancellation for 96 gold pieces
  4881 | D:8      | Bought a potion of mutation for 96 gold pieces
  4881 | D:8      | Bought a potion of might for 48 gold pieces
  4881 | D:8      | Bought a potion of brilliance for 48 gold pieces
  4881 | D:8      | Gained mutation: You are dopey. (Int -2) [potion of mutation]
  4881 | D:8      | Gained mutation: You have a pair of small horns on your head. [potion of mutation]
  4913 | D:8      | Lost mutation: You are dopey. (Int -2) [potion of mutation]
  4913 | D:8      | Lost mutation: You have a pair of small horns on your head. [potion of mutation]
  4913 | D:8      | Gained mutation: You occasionally shout uncontrollably at your foes. [potion of mutation]
  4913 | D:8      | Gained mutation: You are resistant to hostile enchantments. (MR+) [potion of mutation]
  5087 | D:9      | Reached skill level 1 in Armour
  5089 | D:9      | Reached **** piety under Cheibriados
  5154 | D:10     | Entered Level 10 of the Dungeon
  5177 | D:9      | Noticed a two-headed ogre
  5182 | D:9      | Killed a two-headed ogre
  5301 | D:9      | Noticed a two-headed ogre
  5304 | D:9      | Killed a two-headed ogre
  5319 | D:9      | Noticed a two-headed ogre
  5324 | D:9      | Killed a two-headed ogre
  5532 | D:9      | Reached XP level 11. HP: 87/87 MP: 20/20
  5824 | D:10     | Reached ***** piety under Cheibriados
  5852 | D:10     | Noticed Psyche
  5853 | D:10     | Noticed Urug
  5857 | D:10     | Killed Psyche
  5857 | D:10     | Reached skill level 1 in Invocations
  5877 | D:10     | Killed Urug
  6266 | D:11     | Found a staircase to the Orcish Mines.
  6414 | D:11     | Reached skill level 5 in Invocations
  6543 | D:12     | Found Jeivathro's Demolitions Depot.
  6583 | D:12     | Reached skill level 1 in Evocations
  6855 | D:13     | Noticed a catoblepas
  6912 | Orc:1    | Entered Level 1 of the Orcish Mines
  7017 | Orc:1    | Found a frozen archway.
  7090 | IceCv    | Entered an ice cave
  7132 | IceCv    | Reached XP level 12. HP: 66/94 MP: 5/21
  7495 | IceCv    | Noticed a frost giant
  7535 | IceCv    | Reached ****** piety under Cheibriados
  7558 | IceCv    | Reached skill level 1 in Axes
  7581 | IceCv    | Reached skill level 2 in Axes
  7601 | IceCv    | Reached skill level 3 in Axes
  7783 | IceCv    | Reached skill level 4 in Axes
  8169 | Orc:1    | Reached skill level 5 in Axes
  8414 | Orc:1    | Reached skill level 6 in Axes
  8430 | Orc:1    | Reached skill level 7 in Axes
  8636 | Orc:2    | Entered Level 2 of the Orcish Mines
  8931 | Orc:2    | Reached skill level 8 in Axes
  8964 | Orc:2    | Found a staircase to the Elven Halls.
  9111 | Orc:2    | Noticed a two-headed ogre
  9118 | Orc:2    | Killed a two-headed ogre
  9159 | Orc:1    | Reached skill level 9 in Axes
  9350 | Orc:2    | Gained mutation: You can hop long distances. [Barachi growth]
  9350 | Orc:2    | Reached XP level 13. HP: 24/100 MP: 2/22
  9762 | Orc:2    | Reached skill level 10 in Axes
  9994 | Orc:2    | Reached skill level 11 in Axes
 10376 | Orc:2    | Found Ozuklot's General Store.
 10382 | Orc:2    | Found Mir Exuesh's Antique Weapon Shoppe.
 10386 | Orc:2    | Found Imebbioxe's Assorted Antiques.
 10388 | Orc:2    | Found Xiocigav's Assorted Antiques.
 10395 | Orc:2    | Bought a scroll labeled SEEPRA CEBIU for 26 gold pieces
 10395 | Orc:2    | Bought a scroll labeled NEYSSA APPOR for 26 gold pieces
 10397 | Orc:2    | Bought a fuming pink potion for 33 gold pieces
 10397 | Orc:2    | Bought a blackened bone wand for 148 gold pieces
 10432 | Orc:2    | Bought a scroll of acquirement for 572 gold pieces
 10433 | Orc:2    | Got a crystal battleaxe
 10434 | Orc:2    | Identified the +0 battleaxe "Bingo" {elec, Dex+3} (You acquired it on level 2 of the Orcish Mines)
 10629 | D:11     | Found a staircase to the Lair.
 10641 | D:11     | Reached skill level 12 in Axes
 11033 | Lair:1   | Entered Level 1 of the Lair of Beasts
 11374 | Lair:4   | Reached skill level 13 in Axes
 11542 | Lair:4   | Found a staircase to the Swamp.
 11632 | Lair:5   | Reached skill level 14 in Axes
 11725 | Lair:5   | Found a staircase to the Slime Pits.
 11799 | Lair:6   | Entered Level 6 of the Lair of Beasts
 11807 | Lair:6   | Reached XP level 14. HP: 83/106 MP: 21/23
 12212 | Lair:6   | Reached skill level 15 in Axes
 12525 | Lair:6   | Noticed a dire elephant
 12547 | Lair:6   | Killed a dire elephant
 12874 | Lair:6   | Learned a level 4 spell: Passage of Golubria
 12923 | Lair:6   | Reached skill level 10 in Armour
 13021 | Swamp:1  | Entered Level 1 of the Swamp
 13185 | Lair:4   | HP: 2/106 [alligator (4)]
 14294 | Swamp:2  | Reached skill level 16 in Axes
 14516 | Swamp:3  | Found a runed door.
 14604 | Swamp:3  | Reached XP level 15. HP: 88/112 MP: 24/24
 14610 | Swamp:3  | Reached skill level 1 in Translocations
 15265 | Swamp:4  | Entered Level 4 of the Swamp
 15265 | Swamp:4  | Noticed a thorn hunter
 15356 | Swamp:4  | Killed a thorn hunter
 16214 | Swamp:4  | Reached skill level 10 in Dodging
 16664 | Swamp:4  | Reached skill level 1 in Throwing
 16920 | Swamp:4  | Noticed a thorn hunter
 16935 | Swamp:4  | Killed a thorn hunter
 17262 | Swamp:4  | Noticed a thorn hunter
 17273 | Swamp:4  | Killed a thorn hunter
 17704 | Swamp:4  | Reached skill level 10 in Fighting
 17734 | Swamp:4  | Got a decaying rune of Zot
 17917 | Lair:3   | Found a staircase to the Snake Pit.
 17940 | Snake:1  | Entered Level 1 of the Snake Pit
 18311 | Snake:1  | Reached skill level 17 in Axes
 18370 | Snake:1  | HP: 2/117 [electric eel/bolt of electricity (16)]
 18370 | Snake:1  | Killed from afar by an electric eel

Skill      XL: |  1  2  3  4  5  6  7  8  9 10 11 12 13 14 15 |
---------------+----------------------------------------------+-----
Spellcasting   | 3 4 6 |  6.4
Maces & Flails | 3 4 6 7 |  7.9
Earth Magic    | 5 8 |  8.6
Fighting       | 4 7 8 10 | 10.4
Dodging        | 6 7 8 10 | 10.7
Armour         | 6 10 | 10.8
Invocations    | 7 8 |  8.0
Evocations     | 4 |  4.2
Axes           | 9 14 16 17 | 17.3
Translocations | 3 |  3.8
Throwing       | 3 |  3.1
Stealth        | |  1.7
Transmutations | |  1.1

Action                   |  1- 3 |  4- 6 |  7- 9 | 10-12 | 13-15 || total
-------------------------+-------+-------+-------+-------+-------++-------
Melee: Flail             |    11 |    47 |    39 |   157 |       ||   254
       Dagger            |     3 |       |       |       |       ||     3
       Quarterstaff      |       |       |    27 |       |       ||    27
       Battleaxe         |       |       |       |    98 |   535 ||   633
       War axe           |       |       |       |       |    75 ||    75
Throw: Javelin           |       |       |       |     1 |     5 ||     6
 Cast: Sandblast         |    39 |    36 |    95 |   148 |   143 ||   461
       Stone Arrow       |     3 |    13 |    28 |    91 |   180 ||   315
       Lee's Rapid Decon |       |       |     1 |    26 |    34 ||    61
       Petrify           |       |       |       |     6 |     6 ||    12
Invok: Slouch            |       |       |       |     8 |    19 ||    27
       Temporal Distorti |       |       |       |     3 |     2 ||     5
       Step From Time    |       |       |       |       |     3 ||     3
 Abil: Hop               |       |     4 |     4 |    15 |    17 ||    40
Evoke: Wand              |       |     1 |     5 |    31 |    18 ||    55
       Phantom mirror    |       |       |       |     1 |       ||     1
       Box of beasts     |       |       |       |       |     1 ||     1
  Use: Scroll            |     5 |     5 |     2 |    11 |    13 ||    36
       Potion            |       |       |     1 |     7 |     4 ||    12
 Stab: Sleeping          |       |       |       |     1 |       ||     1
       Petrified         |       |       |       |     8 |     6 ||    14
       Paralysed         |       |       |       |     3 |       ||     3
       Petrifying        |       |       |       |     1 |     1 ||     2
       Confused          |       |       |       |       |     1 ||     1
  Eat: Chunk             |       |     6 |    10 |    15 |    13 ||    44
       Ration            |       |       |       |     1 |     4 ||     5
Armor: Robe              |     2 |     7 |       |       |       ||     9
       Leather armour    |       |     2 |    22 |     8 |       ||    32
       Scale mail        |       |       |       |   120 |   161 ||   281
       Ice dragon scales |       |       |       |       |    71 ||    71
Dodge: Dodged            |    38 |    43 |    82 |   356 |   598 ||  1117
